 Dungeon Crawl Stone Soup version 0.21.1-1-g345015fe64 (webtiles) character file.

366 Hercules1031 the Skirmisher (level 6, -3/56 HPs)
             Began as a Hill Orc Fighter on June 9, 2018.
             Was a Believer of Uskayaw.
             Slain by an orc warrior
             ... wielding a +0 flail
              (7 damage)
             ... on level 4 of the Dungeon.
             The game lasted 00:17:15 (2675 turns).

Hercules1031 the Skirmisher (Hill Orc Fighter)      Turns: 2675, Time: 00:17:15

Health: -3/56      AC:  9    Str: 26    XL:     6   Next: 68%
Magic:  6/6        EV: 13    Int:  8    God:    Uskayaw [**....]
Gold:   163        SH: 11    Dex: 15    Spells: 5/5 levels left

rFire    + . .     SeeInvis .   p - +2 flail
rCold    . . .     Gourm    .   c - +0 shield
rNeg     . . .     Faith    .   b - +0 scale mail
rPois    .         Spirit   .   (no helmet)
rElec    .         Reflect  .   (no cloak)
rCorr    .         Harm     .   o - +1 pair of gloves
MR       .....                  (no boots)
Stlth    +.........             (no amulet)
HPRegen  0.18/turn              e - ring of protection from fire
MPRegen  0.10/turn              (no ring)

@: mighty, agile
A: no striking features
a: Stomp, Line Pass, Renounce Religion


You were on level 4 of the Dungeon.
You worshipped Uskayaw.
Uskayaw was noncommittal.
You were not hungry.

You visited 1 branch of the dungeon, and saw 4 of its levels.

You collected 163 gold pieces.

Inventory:

Hand Weapons
 a - a +0 flail
 p - a +2 flail (weapon)
Armour
 b - a +0 scale mail (worn)
 c - a +0 shield (worn)
 o - a +1 pair of gloves (worn)
Jewellery
 e - a ring of protection from fire (left hand)
 h - an uncursed ring of magical power
Potions
 d - a potion of might
 j - a potion of agility
 k - a potion of brilliance {unknown}
 m - 2 potions of ambrosia {unknown}
 n - a potion of haste {unknown}
Comestibles
 f - 6 rations


   Skills:
 + Level 5.4 Fighting
 + Level 4.1 Maces & Flails
 + Level 4.8 Armour
 + Level 4.9 Shields


You had 5 spell levels left.
You didn't know any spells.

Dungeon Overview and Level Annotations

Branches:
Dungeon (4/15)
 Temple: D:4-7

Altars:
Cheibriados
Uskayaw


Message History

* * * LOW HITPOINT WARNING * * *
You can now pass through a line of other dancers.
You sock the ogre!
You kill the ogre!
Your Maces & Flails skill increases to level 4!
The orc warrior barely misses you.
A giant cockroach comes into view.
You closely miss the orc.
The orc is severely wounded.
Your shield prevents you from hitting the orc.
The orc hits you but does no damage.
You thump the giant cockroach!
You kill the giant cockroach!
You block the orc's attack.
The orc warrior hits you but does no damage.
You block the orc's attack.
You hit the orc.
You kill the orc!
You block the orc's attack. The orc warrior hits you with a flail!
You die...

###########
#.........#
#####..o).....#
.......@o.).<.#######
......#######().....#
..... #.()....# ....
#.......# ...
#.......# ..
#..>...... .
#.......## #.......#
#.......#


You could see an orc warrior and an orc.

Vanquished Creatures
  An ogre (D:4)
  3 wights (D:3)
  An orc wizard (D:4)
  A worker ant (D:3)
  2 adders (D:2)
  4 worms
  3 dart slugs
  2 leopard geckos (D:3)
  3 orcs
  A ball python (D:3)
  8 bats
  4 giant cockroaches
  5 goblins
  11 hobgoblins
  2 jackals (D:2)
  2 quokkas (D:2)
  3 frilled lizards
  8 kobolds
  7 rats
71 creatures vanquished.

Notes
Turn   | Place    | Note
-------+----------+-------------------------------------------
     0 | D:1      | Hercules1031 the Hill Orc Fighter began the quest for the Orb.
     0 | D:1      | Reached XP level 1. HP: 19/19 MP: 1/1
   117 | D:1      | Reached XP level 2. HP: 3/27 MP: 2/2
   535 | D:1      | Reached skill level 4 in Fighting
   649 | D:1      | Reached XP level 3. HP: 32/33 MP: 3/3
  1275 | D:2      | Reached XP level 4. HP: 33/40 MP: 4/4
  1977 | D:3      | Found a snail-covered altar of Cheibriados.
  2023 | D:3      | Found a faded altar of an unknown god.
  2101 | D:3      | Became a worshipper of Uskayaw the Reveler
  2101 | D:3      | Reached * piety under Uskayaw
  2222 | D:3      | Reached XP level 5. HP: 11/47 MP: 5/5
  2528 | D:3      | Reached ** piety under Uskayaw
  2542 | D:3      | Reached skill level 5 in Fighting
  2542 | D:3      | Reached *** piety under Uskayaw
  2552 | D:3      | Reached XP level 6. HP: 20/56 MP: 6/6
  2552 | D:3      | Reached **** piety under Uskayaw
  2637 | D:4      | Noticed an orc warrior
  2648 | D:4      | HP: 2/56 [orc warrior/flail (14)]
  2667 | D:4      | HP: 2/56 [ogre/giant spiked club (6)]
  2675 | D:4      | Slain by an orc warrior

Skill      XL: |  1  2  3  4  5  6 |
---------------+-------------------+-----
Fighting       | 4 5 |  5.4
Maces & Flails | 3 4 |  4.1
Shields        | 4 |  4.9
Armour         | 4 |  4.8

Action                   |  1- 3 |  4- 6 || total
-------------------------+-------+-------++-------
Melee: Flail             |   115 |   177 ||   292
  Use: Scroll            |     2 |     7 ||     9
       Potion            |       |     7 ||     7
  Eat: Ration            |     2 |     1 ||     3
Armor: Scale mail        |    72 |    79 ||   151
Dodge: Dodged            |    45 |    84 ||   129
Block: Shield            |    71 |    96 ||   167
